 Dungeon Crawl Stone Soup version 0.20.0-15-g7f486f2 (webtiles) character file.

550 anfisbena the Poker (level 7, -3/50 HPs)
             Began as a Merfolk Skald on June 16, 2017.
             Slain by Sigmund
             ... wielding a +0 scythe
              (10 damage)
             ... on level 4 of the Dungeon.
             The game lasted 00:04:39 (4118 turns).

anfisbena the Poker (Merfolk Skald)                 Turns: 4118, Time: 00:04:39

Health: -3/50      AC:  6    Str: 11    XL:     7   Next: 29%
Magic:  4/10       EV: 15    Int: 15    God:
Gold:   147        SH:  0    Dex: 13    Spells: 4/10 levels left

rFire    . . .     SeeInvis .   B - +0 trident
rCold    . . .     Gourm    .   (no shield)
rNeg     . . .     Faith    .   b - +0 leather armour
rPois    .         Spirit   .   (no helmet)
rElec    .         Reflect  .   j - +2 cloak
rCorr    .         Harm     .   (no gloves)
MR       .....                  (no boots)
Stlth    +.........             (no amulet)
Regen    0.2/turn               x - ring of wizardry
MPRegen  0.2/turn               A - +3 ring of evasion

@: no status effects
A: change form in water, swift swim, stealthy swim
a: no special abilities


You were on level 4 of the Dungeon.
You were not hungry.

You visited 1 branch of the dungeon, and saw 4 of its levels.

You collected 147 gold pieces.

Inventory:

Hand Weapons
 B - a +0 trident (weapon)
Armour
 b - a +0 leather armour (worn)
 j - a +2 cloak (worn)
 q - a +0 pair of boots
Jewellery
 l - an uncursed ring of poison resistance
 x - a ring of wizardry (left hand)
 A - a +3 ring of evasion (right hand)
 D - an uncursed ring of wizardry
Wands
 u - a wand of confusion (32/48)
Scrolls
 a - a scroll of enchant armour {unknown}
 e - a scroll of teleportation {unknown}
 f - 3 scrolls of identify {unknown}
 h - 2 scrolls of remove curse {unknown}
 k - 2 scrolls of recharging {unknown}
 r - a scroll of amnesia {unknown}
 s - 3 scrolls of enchant weapon {unknown}
 v - a scroll of blinking {unknown}
 y - 2 scrolls of fear {unknown}
Potions
 i - 2 potions of curing
 o - a potion of berserk rage {unknown}
 w - a potion of haste {unknown}
 z - a potion of brilliance {unknown}
 C - a potion of cancellation {unknown}
Books
 c - a book of Battle

   Spells                             Type                      Level
   a - Infusion                       Charms                       1
   b - Shroud of Golubria             Charms/Translocation         2
   c - Song of Slaying                Charms                       2
   d - Spectral Weapon                Hexes/Charms                 3
   e - Regeneration                   Charms/Necromancy            3
 p - Jessica's Tome of Execration
   (You found it on level 2 of the Dungeon)

   Spells                             Type                      Level
   a - Confusing Touch                Hexes                        1
   b - Corona                         Hexes                        1
 t - a book of Misfortune

   Spells                             Type                      Level
   a - Confusing Touch                Hexes                        1
   b - Confuse                        Hexes                        3
   c - Gell's Gravitas                Translocation                3
   d - Petrify                        Transmutation/Earth          4
   e - Metabolic Englaciation         Hexes/Ice                    5
   f - Yara's Violent Unravelling     Hexes/Transmutation          5
Comestibles
 d - 3 bread rations
 g - a royal jelly
 m - 2 meat rations


   Skills:
 - Level 2.1 Fighting
 + Level 7.1 Polearms
 - Level 0.6 Armour
 - Level 2.6 Dodging
 - Level 2.0 Spellcasting
 + Level 4.4 Hexes
 + Level 4.2 Charms
 - Level 2.0 Translocations


You had 4 spell levels left.
You knew the following spells:

 Your Spells              Type           Power        Failure   Level  Hunger
a - Infusion              Chrm           ##..         1%          1    #......
b - Shroud of Golubria    Chrm/Tloc      ##........   4%          2    ###....
c - Spectral Weapon       Hex/Chrm       ##......     6%          3    ###....


Dungeon Overview and Level Annotations

Branches:
Dungeon (4/15)
 Temple: D:4-7

Altars:
Elyvilon
Okawaru

Shops:
D:4 %

Annotations:
D:4 Sigmund


Message History

You closely miss something. Something hits you!
* * * LOW HITPOINT WARNING * * *
You barely miss something.
You are no longer magically infusing your attacks.
You closely miss something. Something hits you.
* * * LOW HITPOINT WARNING * * *
You hit something. You closely miss something.
Something hits you but does no damage.
You barely miss something. Something hits you!
* * * LOW HITPOINT WARNING * * *
You hit something but do no damage.
You feel better. Something hits you.
* * * LOW HITPOINT WARNING * * *
You feel better. Something hits you.
* * * LOW HITPOINT WARNING * * *
You hit something. You miss something. Something hits you!
* * * LOW HITPOINT WARNING * * *
You barely miss something. Something hits you!
You die...

#####P≈≈≈≈≈PP.##
.....≈P≈≈≈PP....
#####≈PP≈PPP|.. ..#
...###.P.P.####### ...#
PP...............# #...#
PPP...####.#####.# ....#
P≈P≈...# #.......#.....#
≈♣≈≈P≈.#########.#.....#
♣♣♣♣≈P..........@{.....#
♣≈≈P.#########(#.....#
♣♣♣P≈..# #<##.#.#.>..
P≈♣≈≈..# #.##.# # ###
≈≈≈≈≈.## #.##.# .PP≈..#
#.##.# ...P.## #.##.#
##...########(##.#
##.......).((##%#


You could see a friendly spectral trident.

Vanquished Creatures
  Duvessa (D:4)
  A centaur (D:4)
  Dowan (D:4)
  A hound (D:4)
  2 orc priests
  A bullfrog skeleton (D:4)
  Jessica (D:2)
  An orc wizard (D:3)
  6 adders
  An adder skeleton (D:3)
  3 worms
  A dart slug (D:2)
  A leopard gecko (D:3)
  8 orcs
  4 giant cockroaches
  6 goblins
  8 hobgoblins
  2 jackals (D:3)
  3 quokkas
  A ball python (D:3)
  9 bats
  A frilled lizard (D:4)
  6 kobolds
  8 rats
77 creatures vanquished.

Notes
Turn   | Place    | Note
-------+----------+-------------------------------------------
     0 | D:1      | anfisbena the Merfolk Skald began the quest for the Orb.
     0 | D:1      | Reached XP level 1. HP: 16/16 MP: 3/3
   337 | D:1      | Reached XP level 2. HP: 22/22 MP: 5/5
   463 | D:1      | Learned a level 2 spell: Shroud of Golubria
   848 | D:2      | Noticed Jessica
   865 | D:2      | Killed Jessica
   865 | D:2      | Reached skill level 1 in Translocations
   865 | D:2      | Reached XP level 3. HP: 17/27 MP: 2/6
   974 | D:2      | Identified Jessica's Tome of Execration
  1008 | D:2      | Learned a level 3 spell: Spectral Weapon
  1401 | D:2      | Reached XP level 4. HP: 33/33 MP: 7/7
  1602 | D:2      | Reached skill level 1 in Hexes
  2361 | D:3      | Reached skill level 4 in Polearms
  2361 | D:3      | Reached XP level 5. HP: 34/38 MP: 0/8
  2583 | D:3      | Found a white marble altar of Elyvilon.
  3011 | D:4      | Noticed a centaur
  3021 | D:4      | Killed a centaur
  3021 | D:4      | Reached skill level 5 in Polearms
  3021 | D:4      | Reached XP level 6. HP: 39/44 MP: 5/9
  3222 | D:4      | Reached skill level 6 in Polearms
  3356 | D:4      | Noticed Duvessa
  3373 | D:4      | Killed Duvessa
  3373 | D:4      | Reached XP level 7. HP: 39/50 MP: 5/10
  3381 | D:4      | Noticed Dowan
  3386 | D:4      | Killed Dowan
  3386 | D:4      | Reached skill level 7 in Polearms
  3651 | D:4      | Found an iron altar of Okawaru.
  3977 | D:4      | Found Taemokke's Food Shop.
  4085 | D:4      | Noticed Sigmund
  4118 | D:4      | Slain by Sigmund

Skill      XL: |  1  2  3  4  5  6  7 |
---------------+----------------------+-----
Charms         | 4 |  4.2
Translocations | 1 2 |  2.0
Hexes          | 2 3 4 |  4.4
Polearms       | 4 5 6 7 |  7.1
Fighting       | |  2.1
Armour         | |  0.6
Dodging        | |  2.6
Spellcasting   | |  2.0

Action                   |  1- 3 |  4- 6 |  7- 9 || total
-------------------------+-------+-------+-------++-------
Melee: Spear             |    75 |   139 |       ||   214
       Tailslap          |       |     5 |       ||     5
       Trident           |       |    25 |    58 ||    83
 Cast: Infusion          |     2 |    18 |     3 ||    23
       Spectral Weapon   |       |     4 |     2 ||     6
  Use: Potion            |       |       |     3 ||     3
 Stab: Sleeping          |     1 |       |       ||     1
       Distracted        |       |     1 |       ||     1
  Eat: Chunk             |     2 |     7 |     2 ||    11
Armor: Leather armour    |     6 |    44 |     6 ||    56
Dodge: Dodged            |    31 |   102 |    21 ||   154
